 Dungeon Crawl Stone Soup version 0.31.0-9-g3a7656b989 (webtiles) character file.

Game seed: 12578041538408624869

14 Jannitor the Cutter (level 2, -4/19 HPs)
             Began as a Kobold Cinder Acolyte on Feb 4, 2024.
             Was a High Priest of Ignis.
             Slain by an ogre
             ... wielding a +0 giant club
              (23 damage)
             ... on level 2 of the Dungeon.
             The game lasted 00:00:47 (662 turns).

Jannitor the Cutter (Kobold Cinder Acolyte)          Turns: 662, Time: 00:00:47

Health: -4/19      AC:  2    Str: 11    XL:     2   Next: 60%
Magic:  4/4        EV: 13    Int: 15    God:    Ignis [*****.]
Gold:   101        SH:  0    Dex: 10    Spells: 3/3 levels left

rFire   + . .        a - -1 short sword (flame)
rCold   . . .        (no shield)
rNeg    . . .        b - +0 robe
rPois   .            (no helmet)
rElec   .            (no cloak)
rCorr   .            (no gloves)
SInv    .            (no boots)
Will    .....        (no amulet)
Stlth   ++           (no ring)
HPRegen 0.23/turn    (no ring)
MPRegen 0.09/turn

%: no passive effects
@: no status effects
A: small, no large weapons, nightstalker 3
a: Renounce Religion, Fiery Armour, Foxfire Swarm, Rising Flame


You were on level 2 of the Dungeon.
You worshipped Ignis.
Ignis was extremely pleased with you.
You visited 1 branch of the dungeon, and saw 2 of its levels.

You collected 101 gold pieces.

Inventory:

Hand Weapons
 a - a -1 short sword of flaming (weapon)
Armour
 b - a +0 robe (worn)
Scrolls
 c - a scroll of enchant weapon {unknown}
 f - a scroll of enchant armour {unknown}
Potions
 d - a potion of mutation {unknown}
 e - a potion of might {unknown}
 g - a potion of haste {unknown}


   Skills:
 + Level 3.5 Fighting
 + Level 4.2 Short Blades
 + Level 0.2 Dodging
 + Level 0.5 Stealth
 + Level 1.4 Spellcasting
 + Level 3.1 Fire Magic


You had 3 spell levels left.
You didn't know any spells.
Your spell library contained the following spells:

 Spells                   Type           Power      Damage    Failure   Level
 Scorch                   Fire           20%        2d5       10%         2
 Call Imp                 Summ           2%         N/A       34%         2
 Sublimation of Blood     Necr           1%         N/A       34%         2
 Animate Armour           Summ/Erth      2%         N/A       93%         4
 Summon Lightning Spire   Summ/Air       1%         N/A       93%         4
 Lee's Rapid Deconstruct  Erth           0%         3d4*      100%        5
 Summon Hydra             Summ           0%         N/A       100%        7


Dungeon Overview and Level Annotations

Branches:
Dungeon (2/15)

Altars:


Innate Abilities, Weirdness & Mutations

You are small and have problems with some larger weapons.
You are completely attuned to the shadows.


Message History

You now have 72 gold pieces (gained 8).
You now have 84 gold pieces (gained 12).
You now have 101 gold pieces (gained 17).
You see here a rat corpse.
Things that are here:
a bat corpse; a ball python corpse You see here a +0 flail.
Found a stone staircase leading down.
There is a stone staircase leading down here.
There is a stone staircase leading down here.
There is a staircase leading out of the dungeon here.
Things that are here:
a +0 dagger; a kobold skeleton A quokka comes into view.
A quokka is nearby!
A quokka is nearby!
A quokka is nearby!
You hit the quokka. You burn the quokka.
You kill the quokka!
No target in view!
Found 6 stones.
You see here a quokka corpse.
Done exploring.
Done exploring.
Done exploring.
Done exploring.
There is a stone staircase leading down here.
You climb downwards.
The ogre shouts!
There is a stone staircase leading up here.
An ogre is nearby!
Okay, then.
Unknown command.
As you read the scroll labelled NEJAOCENWI, it crumbles to dust.
It is a scroll of amnesia.
You feel forgetful for a moment.
A giant cockroach comes into view.
The ogre hits you with a +0 giant club!!
Ouch! That really hurt!
You die... ######## #..@O..B #.###### #

You could see an ogre and a giant cockroach (wandering).

Vanquished Creatures
  2 hobgoblins (D:1)
  2 kobolds (D:1)
  2 quokkas (D:1)
  3 ball pythons (D:1)
  2 bats (D:1)
  4 rats (D:1)
15 creatures vanquished.

Notes
Turn   | Place    | Note
-------+----------+-------------------------------------------
     0 | D:1      | Jannitor the Kobold Cinder Acolyte began the quest for the
                  | Orb.
     0 | D:1      | Reached XP level 1. HP: 14/14 MP: 2/2
   265 | D:1      | Reached XP level 2. HP: 19/19 MP: 3/3
   661 | D:2      | Noticed an ogre
   662 | D:2      | Slain by an ogre

Illustrated notes

Levels and vault maps discovered:
D:1:      ldierk_walled_garden, layout_rooms
D:2:      layout_loops_ring, serial_shops, nicolae_book_shop_shelving,
          uniq_robin

Action                     || total
---------------------------++-------
  Melee: Short sword       ||    35
         Punch             ||     1
    Use: Scroll            ||     1
   Stab: Sleeping          ||     4
 Armour: Robe              ||    14
  Dodge: Dodged            ||    19
